 Dungeon Crawl Stone Soup version 0.29.0-4-gdea44cf6ec (webtiles) character file.

Game seed: 7991133791528016426

357 qw the Chopper (level 6, 0/37 HPs)
             Began as a Tengu Warper on Aug 28, 2022.
             Killed by nerve-wracking pain
             ... invoked by an orc priest
              (9 damage)
             ... on level 4 of the Dungeon.
             The game lasted 00:00:18 (3573 turns).

qw the Chopper (Tengu Warper)                       Turns: 3573, Time: 00:00:19

Health: 0/37       AC:  5    Str: 13    XL:     6   Next: 64%
Magic:  10/10      EV: 13    Int: 14    God:
Gold:   256        SH:  0    Dex: 13    Spells: 9/9 levels left

rFire   . . .      SeeInvis .   g - +0 war axe
rCold   + . .      Faith    .   (no shield)
rNeg    . . .      Spirit   .   f - +0 ring mail
rPois   .          Reflect  .   (helmet restricted)
rElec   .          Harm     .   (no cloak)
rCorr   .          Rampage  .   (no gloves)
Will    .....                   (boots unavailable)
Stlth   +.........              (no amulet)
HPRegen 0.12/turn               c - ring of protection from cold
MPRegen 0.12/turn               (no ring)

@: flying quickly and evasively, quick
A: beak, talons 3, nimble flight
a: no special abilities


You were on level 4 of the Dungeon.
You visited 1 branch of the dungeon, and saw 4 of its levels.

You collected 256 gold pieces.


Innate Abilities, Weirdness & Mutations

You have a beak for a mouth.
You have claws for feet.
Your magical nature lets you fly swiftly and evasively.


   Skills:
 - Level 3.0 Fighting
 + Level 7.1 Axes
 - Level 1.0 Throwing
 - Level 1.1 Armour
 - Level 2.1 Dodging
 - Level 2.0 Spellcasting
 - Level 2.4 Translocations


You had 9 spell levels left.
You didn't know any spells.
Your spell library contained the following spells:

 Spells                   Type           Power      Damage    Failure   Level
 Blink                    Tloc           16%        N/A       28%         2
 Gell's Gravitas          Tloc           8%         N/A       50%         3
 Lesser Beckoning         Tloc           8%         N/A       50%         3
 Teleport Other           Tloc           8%         N/A       50%         3
 Manifold Assault         Tloc           8%         N/A       99%         5

Inventory:

Hand Weapons
 a - a +0 whip
 g - a +0 war axe (weapon)
Missiles
 e - 3 boomerangs (quivered)
Armour
 f - a +0 ring mail (worn)
Jewellery
 c - a ring of protection from cold (left hand)
Potions
 b - a potion of degeneration {unknown}
 d - a potion of might
 h - a potion of mutation {unknown}
 i - a potion of heal wounds {unknown}
 j - a potion of curing {unknown}
 l - a potion of lignification {unknown}
 m - a potion of flight {unknown}

Dungeon Overview and Level Annotations

Branches:
Dungeon (4/15)
 Temple: D:4-7

Altars:


Message History

Your peck misses the phantom.
The phantom is heavily damaged.
The phantom completely misses you.
You closely miss the phantom. Your kick misses the phantom.
You peck the phantom.
The phantom is severely damaged.
The phantom barely misses you. The phantom closely misses you.
You barely miss the phantom. You claw the phantom, but do no damage.
Your peck misses the phantom.
The phantom is severely damaged.
The phantom hits you.
The phantom blinks!
You blink.
You barely miss the phantom. You claw the phantom.
You peck the phantom, but do no damage.
The phantom is severely damaged.
The phantom hits you.
The phantom blinks!
You blink.
You closely miss the phantom.
The phantom is severely damaged.
The phantom misses you.
You closely miss the phantom. Your kick misses the phantom.
The phantom is severely damaged.
The phantom barely misses you.
You hit the phantom.
The phantom is almost destroyed.
The phantom hits you.
The phantom blinks!
You blink.
You slash the phantom!
You destroy the phantom!
Your Fighting skill increases to level 3!
3567 ||| Stepping ~*~*~tactically~*~*~ (hiding).
You start resting.
An orc priest is nearby!
You barely miss the orc priest. You claw the orc priest.
Your peck misses the orc priest.
The orc priest is moderately wounded.
The orc priest hits you with a +0 flail!
You barely miss the orc priest. Your kick misses the orc priest.
Your peck misses the orc priest.
The orc priest is moderately wounded.
The orc priest invokes the aid of Beogh against you.
Pain shoots through your body!
You die...

#.[......##...##
##<#########.##
####.# #.#
#....# #.#
#o#### #.#
#.#### #.##)##
#######.#@..####
........o......+
#######.#...####
...#...#
#.#####.# #.
#...# # #...#
..#.# #.##ยค#


You could see an orc priest.

Vanquished Creatures
  A phantom (D:4)
  A bullfrog (D:3)
  Natasha (thrice) (D:3)
  An orc wizard (D:3)
  3 adders
  4 river rats (D:3)
  2 dart slugs
  2 orcs
  9 ball pythons
  4 bats
  An endoplasm (D:1)
  3 giant cockroaches
  6 goblins
  7 hobgoblins
  6 kobolds
  A quokka (D:3)
  2 frilled lizards (D:1)
  3 rats
59 creatures vanquished.

Notes
Turn   | Place    | Note
-------+----------+-------------------------------------------
     0 | D:1      | qw the Tengu Warper began the quest for the Orb.
     0 | D:1      | Reached XP level 1. HP: 12/12 MP: 4/4
     0 | D:1      | 0 ||| qw: Version: 0.1-a-89-g26bdef1
     0 | D:1      | 0 ||| qw: Game counter: 1458
     0 | D:1      | 0 ||| qw: Always use a shield: true
     0 | D:1      | 0 ||| qw: God list: Okawaru
     0 | D:1      | 0 ||| qw: Allow faded altars: false
     0 | D:1      | 0 ||| qw: Do Orc after D:15 true
     0 | D:1      | 0 ||| qw: Do second Lair branch before Depths: true
     0 | D:1      | 0 ||| qw: Lair rune preference: random
     0 | D:1      | 0 ||| qw: Plans: Normal
     0 | D:1      | 0 ||| PLANNING D:1-11
   102 | D:1      | Reached XP level 2. HP: 17/17 MP: 6/6
   128 | D:1      | Reached skill level 3 in Axes
   140 | D:1      | Found a faded altar of an unknown god.
   170 | D:1      | 170 ||| Stepping ~*~*~tactically~*~*~ (stealth).
   212 | D:1      | 212 ||| Stepping ~*~*~tactically~*~*~ (stealth).
   213 | D:1      | 213 ||| Stepping ~*~*~tactically~*~*~ (stealth).
   220 | D:1      | 220 ||| Stepping ~*~*~tactically~*~*~ (stealth).
   224 | D:1      | 224 ||| Stepping ~*~*~tactically~*~*~ (stealth).
   600 | D:1      | 600 ||| Stepping ~*~*~tactically~*~*~ (hiding).
   702 | D:1      | 702 ||| Stepping ~*~*~tactically~*~*~ (hiding).
   804 | D:1      | 804 ||| Stepping ~*~*~tactically~*~*~ (hiding).
   906 | D:1      | 906 ||| Stepping ~*~*~tactically~*~*~ (hiding).
  1008 | D:1      | 1008 ||| Stepping ~*~*~tactically~*~*~ (hiding).
  1196 | D:1      | Reached XP level 3. HP: 18/21 MP: 7/7
  1505 | D:1      | 1505 ||| Stepping ~*~*~tactically~*~*~ (stealth).
  1521 | D:1      | 1521 ||| UPGRADING to +0 ring mail.
  1531 | D:1      | 1531 ||| DROPPING +0 leather armour.
  1532 | D:1      | 1532 ||| READING scroll labelled YFOURRI WEUFO.
  1533 | D:1      | 1533 ||| DRINKING 2 viscous puce potions.
  1534 | D:1      | 1534 ||| DROPPING scroll of blinking.
  1582 | D:2      | 1582 ||| DROPPING +0 club.
  1734 | D:2      | 1734 ||| Stepping ~*~*~tactically~*~*~ (stealth).
  1736 | D:2      | 1736 ||| Stepping ~*~*~tactically~*~*~ (stealth).
  1741 | D:2      | Reached skill level 4 in Axes
  2070 | D:2      | 2070 ||| UPGRADING to ring of protection from cold.
  2071 | D:2      | 2071 ||| READING scroll labelled VIUZOY EN XACLINK.
  2212 | D:3      | 2212 ||| PLANNING SEWER
  2298 | D:3      | Reached XP level 4. HP: 26/26 MP: 8/8
  2360 | D:3      | Noticed Natasha
  2361 | D:3      | 2361 ||| Stepping ~*~*~tactically~*~*~ (hiding).
  2371 | D:3      | Killed Natasha
  2372 | D:3      | Reached skill level 5 in Axes
  2445 | D:3      | Gained mutation: Your magical nature lets you fly swiftly
                  | and evasively. [Tengu growth]
  2445 | D:3      | Reached XP level 5. HP: 14/30 MP: 9/9
  2538 | D:3      | Noticed Natasha
  2539 | D:3      | 2539 ||| Stepping ~*~*~tactically~*~*~ (stealth).
  2552 | D:3      | 2552 ||| Stepping ~*~*~tactically~*~*~ (stealth).
  2604 | D:3      | 2604 ||| Stepping ~*~*~tactically~*~*~ (stealth).
  2605 | D:3      | 2605 ||| Stepping ~*~*~tactically~*~*~ (stealth).
  2606 | D:3      | 2606 ||| Stepping ~*~*~tactically~*~*~ (stealth).
  2628 | D:3      | Killed Natasha
  2647 | D:3      | Noticed Natasha
  2656 | D:3      | Killed Natasha
  2657 | D:3      | Reached skill level 6 in Axes
  2865 | D:3      | 2865 ||| RIP SEWER
  2878 | D:3      | 2878 ||| PLANNING D:1-11
  3011 | D:3      | Reached XP level 6. HP: 33/35 MP: 10/10
  3122 | D:3      | 3122 ||| READING scroll labelled IRPHEGG NYOZIUQ.
  3123 | D:3      | 3123 ||| DRINKING 2 coppery potions.
  3124 | D:3      | 3124 ||| DROPPING potion of attraction.
  3138 | D:4      | 3138 ||| STAIRDANCE
  3145 | D:3      | Reached skill level 7 in Axes
  3166 | D:4      | 3166 ||| STAIRDANCE
  3272 | D:4      | 3272 ||| STAIRDANCE
  3460 | D:4      | 3460 ||| FLEEEEING.
  3461 | D:4      | 3461 ||| SWAPPING to +0 war axe.
  3462 | D:4      | 3462 ||| FLEEEEING.
  3463 | D:4      | 3463 ||| FLEEEEING.
  3464 | D:4      | 3464 ||| FLEEEEING.
  3465 | D:4      | 3465 ||| FLEEEEING.
  3466 | D:4      | 3466 ||| FLEEEEING.
  3471 | D:4      | 3471 ||| STAIRDANCE
  3529 | D:3      | 3529 ||| DROPPING +0 hand axe.
  3567 | D:4      | Reached skill level 3 in Fighting
  3567 | D:4      | 3567 ||| Stepping ~*~*~tactically~*~*~ (hiding).
  3572 | D:4      | HP: 9/37 [orc priest/+0 flail (9)]
  3573 | D:4      | Killed from afar by an orc priest

Levels and vault maps discovered:
D:1:      lordsloth_arrival_two_stooges, layout_basic,
          hellmonk_ecumenical_altar_heavens_door, minivault_4
D:2:      layout_rooms, minmay_box_of_dots
D:3:      layout_rooms, gup_sewer_entry_bowl, uniq_natasha
D:4:      layout_loops_corners, reono_crystal_passage

Skill      XL: |  1  2  3  4  5  6 |
---------------+-------------------+-----
Axes           | 3 4 5 6 7 |  7.1
Fighting       | 3 |  3.0
Throwing       | |  1.0
Armour         | |  1.1
Dodging        | |  2.1
Spellcasting   | |  2.0
Translocations | |  2.4

Action                   |  1- 3 |  4- 6 || total
-------------------------+-------+-------++-------
Melee: Hand axe          |    66 |    60 ||   126
       Kick              |    14 |    27 ||    41
       Peck              |     6 |     9 ||    15
       Punch             |     1 |     1 ||     2
       War axe           |       |    15 ||    15
Throw: Boomerang         |    21 |    18 ||    39
  Use: Scroll            |     2 |     1 ||     3
       Potion            |     1 |     1 ||     2
Armor: Leather armour    |     7 |       ||     7
       Ring mail         |     8 |     7 ||    15
Dodge: Dodged            |    39 |    33 ||    72

Table legend:
 A = Non-vault XP
 B = Vault XP
 C = Vault XP percentage of total XP
 D = Non-vault monster count
 E = Vault monster count
 F = Vault count percentage of total count
                 A         B        C        D         E       F
            +---------+---------+-------+---------+---------+-------
      Total |     403 |     107 |  21.0 |      50 |       9 |  15.3
            +---------+---------+-------+---------+---------+-------
        D:1 |      37 |       0 |   0.0 |      21 |       0 |   0.0
        D:2 |       7 |      20 |  74.1 |       4 |       4 |  50.0
        D:3 |     256 |      87 |  25.4 |      23 |       5 |  17.9
        D:4 |     103 |       0 |   0.0 |       2 |       0 |   0.0
            +---------+---------+-------+---------+---------+-------
